 Dungeon Crawl Stone Soup version 0.28-a0-1406-ga8dd43b1d0 (webtiles) character file.

Game seed: 8649314260697610407

249 Deminshera the Magician (level 6, 41/41 HPs)
             Began as a Human Fire Elementalist on Jan 6, 2022.
             Quit the game on level 3 of the Dungeon.
             The game lasted 00:09:46 (7505 turns).

Deminshera the Magician (Human Fire Elementalist)   Turns: 7505, Time: 00:09:47

Health: 41/41      AC:  3    Str:  8    XL:     6   Next: 35%
Magic:  13/13      EV: 12    Int: 18    God:
Gold:   144        SH:  0    Dex: 13    Spells: 11/15 levels left

rFire   . . .      SeeInvis .   b - +0 mace (vorpal)
rCold   . . .      Faith    .   (no shield)
rNeg    . . .      Spirit   .   d - +0 animal skin
rPois   .          Reflect  .   n - +0 helmet
rElec   .          Harm     .   (no cloak)
rCorr   .          Rampage  .   (no gloves)
Will    .....                   (no boots)
Stlth   ++........              (no amulet)
HPRegen 0.13/turn               (no ring)
MPRegen 0.13/turn               (no ring)

@: no status effects
A: no striking features
a: no special abilities


You were on level 3 of the Dungeon.
You visited 1 branch of the dungeon, and saw 4 of its levels.

You collected 144 gold pieces.

Inventory:

Hand Weapons
 b - a +0 vorpal mace (weapon)
Armour
 a - a +0 robe
 d - a +0 animal skin (worn)
 n - a +0 helmet (worn)
Jewellery
 e - an amulet of faith
 m - a ring of magical power
Wands
 l - a wand of polymorph (3)
 q - a wand of paralysis (10)
Scrolls
 c - a scroll of summoning {unknown}
 f - a scroll of blinking {unknown}
 h - a scroll of noise {unknown}
 i - 2 scrolls of fog {unknown}
 k - a scroll of teleportation {unknown}
Potions
 g - a potion of might {unknown}
 j - 3 potions of curing {unknown}
 o - a potion of degeneration {unknown}
 p - a potion of flight {unknown}


   Skills:
 - Level 2.0 Dodging
 - Level 2.0 Stealth
 + Level 5.2 Spellcasting
 - Level 1.0 Conjurations
 - Level 4.0 Fire Magic


You had 11 spell levels left.
You knew the following spells:

 Your Spells              Type           Power      Damage    Failure   Level
a - Foxfire               Conj/Fire      52%        2x1d6     4%          1
b - Conjure Flame         Conj/Fire      13%        6-21      14%         3

Your spell library contained the following spells:

 Spells                   Type           Power      Damage    Failure   Level
 Scorch                   Fire           38%        2d7       3%          2
 Beastly Appendage        Tmut           8%         N/A       13%         1
 Summon Small Mammal      Summ           16%        N/A       13%         1
 Inner Flame              Hex/Fire       11%        N/A       17%         3
 Wereblood                Tmut           4%         N/A       21%         2
 Call Canine Familiar     Summ           4%         N/A       36%         3
 Spider Form              Tmut/Pois      4%         N/A       36%         3
 Summon Guardian Golem    Hex/Summ       4%         N/A       36%         3
 Flame Wave               Conj/Fire      13%        2d5       43%         4


Dungeon Overview and Level Annotations

Branches:
Dungeon (4/15)
 Temple: D:4-7

Altars:
Dithmenos
Kikubaaqudgha
Yredelemnul
The Shining One

Shops:
D:1 (

Annotations:
D:3 2 transporters, anet's ghost, amateur HOCj
D:4 Duvessa


Message History

The foxfire hits Duvessa but does no damage.
Duvessa is lightly wounded.
Duvessa hits you with a +0 short sword!
Casting: Foxfire (safe; 4% risk of failure)
Confirm with . or Enter, or press ? or * to list all spells.
You conjure some foxfire!
The foxfire hits Duvessa but does no damage.
Duvessa is lightly wounded.
The foxfire hits Duvessa but does no damage.
Duvessa is lightly wounded.
The foxfire hits Duvessa.
Duvessa is lightly wounded.
Duvessa hits you with a +0 short sword!
Casting: Foxfire (safe; 4% risk of failure)
Confirm with . or Enter, or press ? or * to list all spells.
You conjure some foxfire!
The foxfire hits Duvessa but does no damage.
Duvessa is lightly wounded.
The foxfire hits Duvessa but does no damage.
Duvessa is lightly wounded.
Duvessa hits you with a +0 short sword!
* * * LOW HITPOINT WARNING * * *
Unknown command.
The foxfire hits Duvessa but does no damage.
Duvessa is lightly wounded.
The foxfire hits Duvessa but does no damage.
Duvessa is lightly wounded.
Duvessa hits you with a +0 short sword!
* * * LOW HITPOINT WARNING * * *
You climb upwards.
Level annotation: 2 transporters, anet's ghost, amateur HOCj
There is a stone staircase leading down here.
You start resting.
Magic restored.
You start resting.
HP restored.
You start waiting.
Done waiting.
Okay, then.
Are you sure you want to abandon this character and quit the game? (Confirm with "yes".)

####.# #.# .....# #.#
###########.#
..........#.#
#########.#.# ######
........#.#.####....#
#######.#.#.#.##.##.#
....###.#.#...##.##.#
................@##.#
##.####.............#
#)####.#.###########
#.#....#.......#
##)).PPPP.....#.#
....PP♣♣......#.#
##.♣♣♣♣♣PP....#.#
#.♣P♣♣♣.♣....#.########
##...♣♣......#........#


There were no monsters in sight!

Vanquished Creatures
  An orc priest (D:4)
  Ijyb (D:4)
  2 orc wizards
  Robin (D:4)
  2 adders
  2 worms
  2 dart slugs
  11 orcs
  8 ball pythons
  10 endoplasms
  2 giant cockroaches (D:1)
  12 hobgoblins
  9 kobolds
  2 quokkas
  6 bats
  6 frilled lizards
  9 goblins
  10 rats
96 creatures vanquished.

Vanquished Creatures (collateral kills)
  A foxfire (D:3)
1 creature vanquished.

Vanquished Creatures (others)
  284 foxfires
  5 withered plants
289 creatures vanquished.

Grand Total: 386 creatures vanquished

Notes
Turn   | Place    | Note
-------+----------+-------------------------------------------
     0 | D:1      | Deminshera the Human Fire Elementalist began the quest for
                  | the Orb.
     0 | D:1      | Reached XP level 1. HP: 13/13 MP: 3/3
   113 | D:1      | Found a faded altar of an unknown god.
   304 | D:1      | Reached XP level 2. HP: 19/19 MP: 1/5
   755 | D:1      | Reached XP level 3. HP: 5/24 MP: 2/6
  1185 | D:1      | Found Xaasch's Weapon Emporium.
  1197 | D:1      | Learned a level 3 spell: Conjure Flame
  1828 | D:2      | Reached skill level 3 in Spellcasting
  1828 | D:2      | Reached XP level 4. HP: 30/30 MP: 0/8
  2594 | D:3      | Found a transporter.
  2706 | D:3      | Reached XP level 5. HP: 14/35 MP: 2/10
  3112 | D:3      | Found a transporter.
  3114 | D:3      | Noticed an ogre
  3114 | D:3      | Noticed anet's ghost (amateur HOCj)
  3762 | D:3      | Found an ancient bone altar of Kikubaaqudgha.
  5129 | D:4      | Reached skill level 4 in Spellcasting
  5185 | D:4      | Found a basalt altar of Yredelemnul.
  5216 | D:4      | Noticed Ijyb
  5241 | D:4      | Killed Ijyb
  5352 | D:4      | Reached XP level 6. HP: 37/41 MP: 0/13
  5726 | D:4      | Noticed Robin
  5796 | D:4      | Killed Robin
  5797 | D:4      | Reached skill level 5 in Spellcasting
  6225 | D:4      | Found a shadowy altar of Dithmenos.
  6447 | D:4      | Found a glowing golden altar of the Shining One.
  7097 | D:4      | Noticed Duvessa
  7107 | D:4      | HP: 2/41 [Duvessa (9)]
  7505 | D:3      | Quit the game

Illustrated notes

Levels and vault maps discovered:
D:1:      minmay_arrival_four_houses, layout_rooms, serial_shops,
          nicolae_shop_bloodbath_and_beyond,
          chequers_ecumenical_altar_simple_redux, minmay_indecisive_spiral
D:2:      layout_rooms
D:3:      layout_basic, kiku_gazebo_garden_becter, serial_forest,
          infiniplex_forest_clump_small, infiniplex_forest_clump_medium,
          infiniplex_forest_clump_tiny, infiniplex_forest_clump_medium,
          infiniplex_forest_clump_medium, gammafunk_ghost_smash
D:4:      layout_loops_corners, nicolae_overflow_crystal_walls,
          overflow_temple_1_default, yredelemnul_altar_generic,
          minmay_goblin_kobold_house, uniq_robin, uniq_duvessa, uniq_ijyb

Skill      XL: |  1  2  3  4  5  6 |
---------------+-------------------+-----
Spellcasting   | 3 4 5 |  5.2
Fire Magic     | 4 |  4.0
Dodging        | |  2.0
Stealth        | |  2.0
Conjurations   | |  1.0

Action                   |  1- 3 |  4- 6 || total
-------------------------+-------+-------++-------
Melee: Mace              |    18 |    44 ||    62
       Unarmed           |       |     9 ||     9
       Punch             |       |     1 ||     1
 Cast: Foxfire           |    55 |   142 ||   197
       Conjure Flame     |       |     7 ||     7
  Use: Potion            |       |     1 ||     1
 Stab: Sleeping          |     1 |       ||     1
       Confused          |       |     2 ||     2
Armor: Robe              |     6 |    12 ||    18
       Animal skin       |       |     4 ||     4
Dodge: Dodged            |    24 |    57 ||    81

Table legend: (Time is in decaauts)
 A = Elapsed time spent in this place.
 B = Non-inter-level travel time spent in this place.
 C = Inter-level travel time spent in this place.
 D = Time resting spent in this place.
 E = Time spent auto-exploring this place.
 F = Levels seen in this place.
 G = Mean time per level.
                   A        B        C        D        E       F      G
               +--------+--------+--------+--------+--------+-----+--------+
         Total |   7537 |   7446 |     91 |   3935 |   2534 |   4 | 1884.2 |
       Dungeon |   7537 |   7446 |     91 |   3935 |   2534 |   4 | 1884.2 |
               +--------+--------+--------+--------+--------+-----+--------+

Top non-repeatable levels by time:
     D:3: 3031 daAuts
     D:4: 2045 daAuts
     D:1: 1334 daAuts
     D:2: 1125 daAuts
